Map: Acid Plant LE

Players

Serral - Winner!

  • Race: Zerg Zerg
  • Spawn Location: 11:00

SpeCial

  • Race: Terran Terran
  • Spawn Location: 5:00

Event: WCS Leipzig 2018

VOD

Have the link to the VOD?

Description

Time

  • Played on: Jan. 28, 2018, 7:29 a.m.
  • Length: 9:33

All games in this series

Show
View Real Time Build Order
Export as new Build Order

Serral Zerg - Winner!

Build Orders: Hatch First 

Get SALT Encoding   

  12  0:00  Drone  
  13  0:12  Overlord  
  13  0:16  Drone  
  14  0:30  Drone  
  14  0:31  Drone  
  14  0:34  Drone  
  17  0:51  Hatchery  
  17  0:54  Drone  
  17  0:57  Drone  
  18  1:08  Extractor  
  17  1:12  Spawning Pool  
  17  1:15  Drone  
  17  1:18  Drone  
  18  1:27  Drone  
  19  1:38  Overlord  
  19  1:49  Drone  
  20  1:58  Queen  
  20  1:59  Zergling x2  
  23  2:02  Queen  
  23  2:03  Zergling x2  
  26  2:08  Metabolic Boost  
  26  2:12  Drone  
  26  2:13  Drone  
  28  2:32  Hatchery  
  28  2:35  Drone  
  28  2:41  Queen  
  28  2:42  Drone  
  30  2:49  Overlord  
  30  2:50  Drone  
  31  2:53  Drone  
  31  2:56  Drone  
  33  2:58  Drone  
  33  3:01  Drone  
  35  3:06  Overlord  
  35  3:10  Drone x2  
  37  3:13  Drone  
  37  3:15  Zergling x2  
  39  3:20  Queen  
  39  3:24  Overlord  
  41  3:28  Drone x2  
  41  3:33  Zergling x2  
  44  3:39  Overlord  
  44  3:41  Drone  
  44  3:43  Drone x3  
  48  3:49  Drone x4  
  48  3:53  Zergling x2  
  48  3:55  Zergling x2  
  54  3:58  Queen  
  56  4:02  Baneling Nest  
  56  4:08  Extractor  
  56  4:09  Spore Crawler  
  51  4:11  Drone x3  
  54  4:20  Zergling x14  
  61  4:27  Lair  
  61  4:28  Drone, Spore Crawler  
  61  4:29  Extractor  
  61  4:30  Drone  
  61  4:34  Drone, Overlord  
  61  4:37  Drone x2  
  64  4:42  Queen  
  66  4:47  Evolution Chamber  
  66  4:54  Drone x4, Overlord  
  69  5:03  Extractor  
  69  5:04  Drone x5, Extractor  
  72  5:08  Overlord  
  72  5:09  Drone x2  
  72  5:12  Drone  
  72  5:13  Drone  
  76  5:16  Drone  
  76  5:20  Drone x2  
  79  5:23  Overlord, Evolution Chamber  
  78  5:29  Drone x3  
  78  5:30  Hydralisk Den  
  78  5:32  Drone x2  
  78  5:33  Drone, Extractor  
  78  5:34  Extractor  
  81  5:36  Spore Crawler  
  81  5:40  Baneling x3  
  80  5:43  Drone x4  
  83  5:53  Zerg Missile Weapons Level 1  
  83  5:56  Drone x2  
  84  5:57  Drone  
  84  6:02  Muscular Augments  
  85  6:05  Drone x2  
  85  6:08  Overlord  
  85  6:09  Hatchery  
  85  6:10  Overlord  
  86  6:12  Hydralisk  
  86  6:16  Hydralisk  
  86  6:17  Hydralisk  
  92  6:27  Centrifical Hooks  
  92  6:28  Hydralisk x4  
  100  6:37  Overlord  
  100  6:38  Drone  
  100  6:39  Overlord  
  101  6:40  Drone x3  
  101  6:44  Hydralisk x2  
  108  6:50  Overlord  
  108  6:51  Overlord x2  
  108  6:55  Overlord  
  108  7:04  Hydralisk, Overseer  
  108  7:05  Hydralisk x3  
  115  7:10  Overlord  
  115  7:16  Hydralisk x4  
  123  7:27  Hydralisk x6  
  135  7:34  Overlord  
  134  7:37  Queen  
  134  7:40  Hydralisk  
  134  7:41  Hydralisk x3  
  144  7:50  Zergling x16  
  136  7:58  Hydralisk  
  136  7:59  Zergling x2, Hydralisk x3  
  133  8:12  Hydralisk x6  
  139  8:13  Zergling x2  
  139  8:19  Overlord  
  144  8:22  Zergling x6  
  144  8:23  Zergling x2  
  148  8:27  Baneling x10  
  148  8:33  Zergling x12  
  154  8:47  Baneling x4, Zergling x2, Hydralisk x5  
  165  8:52  Baneling x5  
  165  8:57  Baneling x6  
  165  9:04  Hydralisk x2  
  165  9:05  Zergling x6  
  168  9:16  Zergling x22  
Show
View Real Time Build Order
Export as new Build Order

SpeCial Terran 

Build Orders: Liberator Opening, Reaper Expand, Mech 

Get SALT Encoding   

  12  0:00  SCV  
  13  0:12  SCV  
  14  0:18  Supply Depot  
  14  0:24  SCV  
  15  0:40  SCV  
  15  0:42  Barracks  
  16  0:44  Refinery  
  16  0:52  SCV  
  17  1:04  SCV  
  18  1:16  SCV  
  19  1:29  Orbital Command, Reaper  
  20  1:40  Command Center  
  20  1:53  Supply Depot  
  20  1:56  SCV  
  21  2:01  Marine  
  21  2:06  Factory  
  22  2:09  SCV  
  23  2:16  Refinery  
  23  2:21  SCV  
  24  2:23  Barracks Reactor  
  24  2:33  SCV  
  25  2:45  SCV  
  25  2:53  Orbital Command  
  25  2:57  SCV, Starport  
  26  3:06  Hellion x2  
  26  3:09  SCV  
  31  3:16  Liberator  
  31  3:19  SCV  
  32  3:21  SCV  
  32  3:24  Supply Depot  
  33  3:27  Hellion x2  
  33  3:31  SCV  
  33  3:33  SCV  
  42  3:43  SCV  
  42  3:45  SCV  
  42  3:48  Hellion, Supply Depot  
  46  3:49  Hellion  
  46  3:55  SCV  
  49  3:58  SCV  
  50  4:07  SCV, Command Center  
  51  4:10  SCV  
  51  4:14  Hellion x2  
  56  4:19  SCV  
  55  4:24  SCV  
  55  4:26  Starport Tech Lab  
  55  4:29  Supply Depot  
  56  4:31  SCV, Armory  
  56  4:36  SCV  
  56  4:37  Refinery  
  58  4:41  Refinery  
  58  4:43  SCV  
  59  4:47  Hellion  
  59  4:48  Hellion, SCV  
  62  4:56  SCV  
  62  4:57  Banshee  
  66  5:00  SCV  
  67  5:08  SCV  
  67  5:09  Hellion  
  67  5:13  Supply Depot  
  70  5:18  SCV, Factory  
  70  5:19  Hellion, Orbital Command, Factory  
  73  5:24  Terran Vehicle Weapons Level 1  
  73  5:26  SCV  
  74  5:30  SCV  
  77  5:35  Hellion  
  77  5:38  SCV  
  77  5:40  Hellion  
  80  5:43  SCV  
  80  5:49  Orbital Command  
  81  5:50  SCV  
  81  5:55  SCV  
  85  5:57  Hellion, Supply Depot  
  85  5:59  Supply Depot  
  85  6:01  Hellion  
  85  6:02  SCV  
  85  6:03  Factory Tech Lab, Starport Reactor  
  88  6:07  SCV  
  89  6:14  SCV  
  89  6:18  Hellion, Thor  
  92  6:19  SCV  
  92  6:21  Supply Depot, Thor  
  92  6:23  Hellion  
  107  6:26  SCV x2  
  107  6:29  Refinery x2  
  107  6:31  SCV  
  110  6:38  SCV  
  110  6:39  Hellion, Medivac x2  
  117  6:40  Supply Depot  
  117  6:44  Hellion  
  117  6:45  SCV x2  
  121  6:48  Infernal Pre-Igniter  
  121  7:01  SCV, Hellion  
  124  7:02  Siege Tank  
  124  7:05  Siege Tank  
  130  7:10  Factory  
  130  7:11  Viking  
  130  7:12  Armory, Factory  
  132  7:26  SCV  
  133  7:33  Supply Depot  
  133  7:44  SCV x2  
  133  7:45  SCV  
  133  7:46  Viking  
  133  7:47  Hellion  
  133  7:50  Hellion  
  133  7:52  Siege Tank  
  133  7:54  Siege Tank  
  133  7:56  SCV x2  
  133  7:57  SCV  
  118  8:03  Hellion x2  
  110  8:08  SCV x2, Hellion  
  110  8:09  SCV  
  110  8:12  Hellion  
  111  8:20  SCV x2  
  111  8:21  SCV  
  111  8:24  Siege Tank  
  117  8:29  Factory Tech Lab, Factory Reactor  
  117  8:30  Hellion  
  117  8:32  SCV  
  117  8:33  Hellion, SCV  
  124  8:38  Supply Depot, Siege Tank  
  124  8:39  Supply Depot  
  126  8:50  Viking  
  126  8:51  Hellion, Viking  
  126  8:55  Supply Depot  
  131  8:56  Hellion  
  131  8:58  Siege Tank  
  131  8:59  Siege Tank  
  129  9:10  Hellion  
  129  9:11  Hellion  
  129  9:14  SCV  
Tags
 
Add a new tag
Caveats
  • Supply blocks, unpowered buildings, or Contaminate may cause inaccurate times.
  • Supply counts are checked every 10 seconds.